AoeStats
← 天皇笑川

Arena

508421047Analyzed
4v4 RM · 9d ago on Sep 22, 2026· 67m 13s· 8 players
Game mode
Random Map
Map size
Large (8 player)
Population
200
Speed
Normal
Resources
Standard
Victory
Conquest
Starting age
Dark Age
Ending age
Imperial Age
RankedLock teamsTeams togetherTeam positionsShared explorationLock speedFull tech treeHidden civsTurbo modeCheats
Victory
Defeat
🇨🇳 Vietnamese · China
693
+17
🇨🇳 Franks · China
676
+17
657
+18
🇨🇳 Khmer · China
645
+19
🇪🇸 Byzantines · Spain
730
-21
🇵🇪 Italians · Peru
724
-19
🇦🇷 Tatars · Argentina
722
-18
🇨🇿 Chinese · Czechia
649
-15
隊友不准投降不准弱
11:26 Feudal Age
12:22 Horse Collar
13:20 Double-Bit Axe
17:57 Castle Age
15:44 Loom
16:34 Fletching
16:55 Padded Archer Armor
20:05 Heavy Plow
25:17 Bodkin Arrow
25:50 Ballistics
30:53 Murder Holes
39:05 Imperial Age
41:29 Conscription
41:23 Malon
43:53 Elite Bolas Rider
50:37 Onager
52:29 Capped Ram
56:42 Leather Archer Armor
56:16 Elite Skirmisher
58:36 Siege Engineers
63:28 Butalmapu
天皇笑川
0:34 Loom
12:45 Feudal Age
13:41 Horse Collar
20:27 Castle Age
18:46 Double-Bit Axe
18:56 Gold Mining
18:56 Stone Mining
20:54 Pikeman
22:44 Bow Saw
22:37 Heavy Plow
26:24 Gold Shaft Mining
26:25 Stone Shaft Mining
31:03 Imperial Age
30:01 Stone Shaft Mining
32:51 Crop Rotation
38:58 Wheelbarrow
39:23 Husbandry
39:38 Cavalier
42:12 Elite Skirmisher
43:49 Hand Cart
43:19 Town Watch
43:48 Imperial Skirmisher
44:26 Fletching
44:36 Padded Archer Armor
44:47 Forging
47:04 Bodkin Arrow
47:25 Leather Archer Armor
47:46 Iron Casting
63:02 Town Patrol
524653466
0:51 Loom
11:42 Feudal Age
13:05 Wheelbarrow
12:12 Horse Collar
12:20 Double-Bit Axe
13:55 Gold Mining
16:29 Stone Mining
26:04 Castle Age
25:27 Forging
27:20 Hand Cart
27:08 Heavy Plow
27:20 Bow Saw
28:03 Stone Shaft Mining
26:56 Pikeman
29:40 Squires
30:18 Iron Casting
29:56 Caravan
30:42 Scale Mail Armor
35:03 Imperial Age
34:18 Fletching
34:53 Elite Skirmisher
35:41 Thumb Ring
35:39 Husbandry
35:53 Bloodlines
37:06 Two-Man Saw
36:38 Crop Rotation
36:46 Bodkin Arrow
39:08 Paper Money
39:03 Elite Battle Elephant
40:50 Scale Barding Armor
40:50 Bracer
40:17 Imperial Skirmisher
42:34 Padded Archer Armor
42:55 Chain Barding Armor
44:59 Leather Archer Armor
47:27 Ring Archer Armor
47:34 Plate Barding Armor
47:16 Chain Mail Armor
46:54 Halberdier
48:49 Arson
48:26 Elite Fire Lancer
49:08 Elite Rattan Archer
49:50 Chatras
51:11 Plate Mail Armor
60:23 Ballistics
61:04 Chemistry
61:02 Murder Holes
66:20 Treadmill Crane
66:51 Siege Engineers
67:40 Fortified Wall
68:15 Coinage
67:55 Guilds
715113342
0:49 Loom
12:06 Feudal Age
18:25 Castle Age
33:09 Stone Mining
33:10 Gold Mining
35:21 Gold Shaft Mining
34:35 Double-Bit Axe
42:08 Imperial Age
40:50 Pikeman
41:31 Squires
41:16 Arson
43:18 Wheelbarrow
44:57 Hand Cart
46:23 Scale Barding Armor
46:18 Scale Mail Armor
46:29 Forging
46:09 Fletching
46:20 Padded Archer Armor
46:44 Hand Cart
48:10 Bow Saw
48:06 Elite Throwing Axeman
49:13 Ballistics
49:28 Halberdier
51:31 Chemistry
51:50 Husbandry
51:10 Cavalier
62:21 Paladin
Lucasavend
0:57 Loom
12:32 Feudal Age
14:08 Wheelbarrow
15:03 Double-Bit Axe
21:45 Castle Age
24:35 Fletching
36:02 Stone Mining
36:35 Bow Saw
38:36 Hand Cart
38:08 Town Watch
39:16 Gold Mining
39:15 Horse Collar
42:38 Heavy Plow
44:28 Husbandry
46:25 Bloodlines
47:46 Silk Armor
49:17 Forging
49:13 Scale Barding Armor
51:59 Imperial Age
51:09 Iron Casting
51:45 Chain Barding Armor
57:01 Light Cavalry
62:01 Blast Furnace
65:08 Pikeman
67:11 Bodkin Arrow
Alorix
RavenSael
11:47 Feudal Age
12:29 Double-Bit Axe
12:45 Horse Collar
13:23 Bloodlines
22:26 Castle Age
21:21 Scale Barding Armor
23:51 Heavy Plow
24:04 Bow Saw
24:06 Forging
27:01 Town Watch
27:02 Loom
29:17 Gold Mining
29:36 Town Patrol
32:30 Imperial Age
30:21 Stone Mining
30:25 Fletching
31:22 Fortified Wall
31:33 Ballistics
31:28 Crossbowman
32:11 Padded Archer Armor
35:30 Chemistry
34:27 Murder Holes
34:17 Capped Ram
35:41 Stone Shaft Mining
35:28 Bodkin Arrow
36:43 Scale Mail Armor
39:37 Hoardings
39:29 Town Patrol
41:08 Leather Archer Armor
40:17 Arbalester
41:06 Thumb Ring
42:26 Conscription
43:43 Bracer
44:18 Crop Rotation
43:31 Treadmill Crane
43:32 Elite Skirmisher
47:16 Two-Man Saw
46:48 Ring Archer Armor
48:06 Silk Road
49:54 Pirotechnia
50:13 Onager
52:03 Elite Genoese Crossbowman
54:38 Wheelbarrow
54:45 Iron Casting
54:25 Chain Mail Armor
54:45 Bombard Tower
56:58 Pikeman
57:38 Squires
61:36 Cavalier
62:16 Husbandry
61:36 Light Cavalry
Leon926372
0:31 Loom
12:22 Feudal Age
19:43 Castle Age
18:16 Stone Mining
22:43 Double-Bit Axe
35:09 Man-at-Arms
35:51 Squires
38:37 Long Swordsman
41:12 Thumb Ring
Connection lost

Rejoining the realm…

Still unreachable

The connection could not be restored.

Session expired

The server has moved on; the page needs a fresh start.